 Dungeon Crawl Stone Soup version 0.31.0-9-g3a7656b989 (webtiles) character file.

Game seed: 457516133705638282

32 qw the Shooter (level 3, -1/18 HPs)
             Began as a Spriggan Hunter on Feb 2, 2024.
             Frozen to death by an endoplasm (4 damage)
             ... on level 2 of the Dungeon.
             The game lasted 00:00:03 (1094 turns).

qw the Shooter (Spriggan Hunter)                    Turns: 1094, Time: 00:00:04

Health: -1/18      AC:  2    Str:  7    XL:     3   Next: 10%
Magic:  4/4        EV: 19    Int: 10    God:
Gold:   72         SH:  0    Dex: 20    Spells: 2/2 levels left

rFire   . . .        a - +0 shortbow
rCold   . . .        (shield currently unavailable)
rNeg    . . .        c - +0 robe
rPois   .            (helmet restricted)
rElec   .            (no cloak)
rCorr   .            (gloves unavailable)
SInv    +            (boots unavailable)
Will    .....        (no amulet)
Stlth   ++           (no ring)
HPRegen 0.23/turn    (no ring)
MPRegen 0.09/turn

%: no passive effects
@: very quick
A: very small, no large weapons, unfitting armour, see invisible, speed 3
a: no special abilities


You were on level 2 of the Dungeon.
You visited 1 branch of the dungeon, and saw 2 of its levels.

You collected 72 gold pieces.


Innate Abilities, Weirdness & Mutations

You are very small and have problems with some larger weapons.
You are too small for most types of armour.
You have supernaturally acute eyesight. (SInv)
You cover ground extremely quickly. (Speed+++)


   Skills:
 - Level 1.5 Fighting
 + Level 4.5 Ranged Weapons
 - Level 4.0 Dodging
 - Level 1.5 Stealth


You had 2 spell levels left.
You didn't know any spells.
Your spell library was empty.

Inventory:

Hand Weapons
 a - a +0 shortbow (weapon)
Armour
 c - a +0 robe (worn)
Scrolls
 b - a scroll of identify {unknown}
Potions
 d - a potion of lignification {unknown}
 e - a potion of curing {unknown}
 f - a potion of haste {unknown}
 g - a potion of heal wounds {unknown}
 i - a potion of attraction {unknown}

Dungeon Overview and Level Annotations

Branches:
Dungeon (2/15)

Altars:

Shops:
D:2 (


Message History

The goblin shouts!
Found a chain mail.
You shoot an arrow. The arrow completely misses the kobold.
You shoot an arrow.
The arrow hits the kobold but does no damage.
The kobold barely misses you.
You shoot an arrow.
The arrow hits the kobold but does no damage.
The endoplasm misses you. The kobold closely misses you.
You shoot an arrow. The arrow barely misses the kobold.
The arrow closely misses the goblin.
The endoplasm freezes you.
You are frozen.
The kobold barely misses you.
You shoot an arrow. The arrow hits the kobold.
The kobold is severely wounded.
The endoplasm freezes you.
You are frozen.
The kobold hits you with a +0 short sword.
You shoot an arrow. The arrow hits the kobold!
You kill the kobold!
The endoplasm freezes you.
You are frozen.
You shoot an arrow.
The arrow completely misses the hobgoblin.
The arrow closely misses the goblin.
The endoplasm completely misses you. The endoplasm freezes you.
You are frozen.
The hobgoblin closely misses you. The goblin closely misses you.
You shoot an arrow. The arrow hits the goblin.
You kill the goblin!
The endoplasm hits you. The hobgoblin hits you.
You shoot an arrow.
The arrow hits the endoplasm but does no damage.
The endoplasm completely misses you.
The hobgoblin hits you but does no damage.
You shoot an arrow. The arrow hits the endoplasm.
The endoplasm is almost dead.
The endoplasm freezes you.
You are frozen.
You die...

##.# .#.#
...# ...#
#############
...#
#...........#
.#.#
#.#########.#
##>###.# #.#
#......# ##.#
#......# #g@#
.......# #J)#
.......#
.....
.......#
#.......
#.#.#.##
#..8..8..
#.#.#.#
#........#
#.#.#.#
#....[...#
..#%#.#
#..8..8..#
###.#.#####


You could see an endoplasm and a hobgoblin.

Vanquished Creatures
  A dart slug (D:1)
  A ribbon worm (D:2)
  4 giant cockroaches
  2 hobgoblins
  A quokka (D:1)
  3 ball pythons (D:1)
  2 bats
  7 goblins
  3 kobolds
  5 rats
29 creatures vanquished.

Notes
Turn   | Place    | Note
-------+----------+-------------------------------------------
     0 | D:1      | qw the Spriggan Hunter began the quest for the Orb.
     0 | D:1      | Reached XP level 1. HP: 10/10 MP: 2/2
     0 | D:1      | 0 ||| qw: Version: 0.3-a-155-g5e7d8dd
     0 | D:1      | 0 ||| qw: Game counter: 1642
     0 | D:1      | 0 ||| qw: Melee chars always use a shield: true
     0 | D:1      | 0 ||| qw: God list: Okawaru
     0 | D:1      | 0 ||| qw: Allow faded altars: false
     0 | D:1      | 0 ||| qw: Do Orc after clearing Dungeon:15 true
     0 | D:1      | 0 ||| qw: Do second Lair branch before Depths: true
     0 | D:1      | 0 ||| qw: Lair rune preference: random
     0 | D:1      | 0 ||| qw: Goals: Normal
     0 | D:1      | 0 ||| PLANNING D:1-11
    49 | D:1      | Reached skill level 3 in Dodging
   394 | D:1      | HP: 2/10 [quokka (3)]
   439 | D:1      | Reached XP level 2. HP: 14/14 MP: 3/3
   665 | D:1      | 665 ||| READING scroll labelled FOIJ UHOBY.
   666 | D:1      | 666 ||| READING scroll labelled VOTESCHU NIENNI.
   671 | D:1      | 671 ||| READING scroll labelled WEGHAU NAKHLU.
   672 | D:1      | 672 ||| DROPPING scroll of butterflies.
   925 | D:2      | Found Fote's Weapon Shoppe.
   991 | D:2      | Reached XP level 3. HP: 18/18 MP: 4/4
  1092 | D:2      | HP: 4/18 [endoplasm (2)]
  1094 | D:2      | Frozen to death by an endoplasm

Levels and vault maps discovered:
D:1:      minmay_arrival_stair_chambers, layout_loops_ring,
          serial_bayou_lagoon_a, amcnicky_mini_corridor_feature
D:2:      layout_loops_ring, serial_shops, nicolae_shop_bloodbath_and_beyond,
          hangedman_abyss_or_decor_lesser_grid, kennysheep_generic_room_5

Skill      XL: |  1  2 |
---------------+-------+-----
Dodging        | 3 4 |  4.0
Fighting       | |  1.5
Ranged Weapons | |  4.5
Stealth        | |  1.5

Action                     || total
---------------------------++-------
   Fire: Shortbow          ||    92
    Use: Scroll            ||     3
 Armour: Robe              ||    10
  Dodge: Dodged            ||    45

Table legend:
 A = Non-vault XP
 B = Vault XP
 C = Vault XP percentage of total XP
 D = Non-vault monster count
 E = Vault monster count
 F = Vault count percentage of total count
                 A         B        C        D         E       F
            +---------+---------+-------+---------+---------+-------
      Total |      46 |       1 |   2.1 |      28 |       1 |   3.4
            +---------+---------+-------+---------+---------+-------
        D:1 |      23 |       0 |   0.0 |      15 |       0 |   0.0
        D:2 |      23 |       1 |   4.2 |      13 |       1 |   7.1
            +---------+---------+-------+---------+---------+-------
